 Dungeon Crawl Stone Soup version 0.19.5 (webtiles) character file.

41887 tognito the Severer (level 13, -4/192 HPs)
             Began as a Minotaur Berserker on Mar 19, 2017.
             Was a High Priest of Trog.
             Slain by a meliai
             ... wielding a +0 hand axe
              (7 damage)
             ... on level 15 of the Dungeon on Mar 20, 2017.
             The game lasted 00:45:26 (19029 turns).

tognito the Severer (Minotaur Berserker)           Turns: 19029, Time: 00:45:27

Health: -4/192     AC: 18    Str: 29    XL:     13   Next: 82%
Magic:  12/12      EV: 14    Int:  4    God:    Trog [*****.]
Gold:   792        SH:  0    Dex: 13    Spells: 0 memorised, 12 levels left

rFire  x . .     SeeInvis .     a - +2 battleaxe (freeze)
rCold  + . .     Gourm    .     B - +0 plate armour
rNeg   . . .     Faith    .     (shield currently unavailable)
rPois  .         Spirit   .     (helmet restricted)
rElec  .         Reflect  .     N - +0 cloak
rCorr  .         Harm     +     (no gloves)
MR     .....     Rnd*Tele +     f - +0 pair of boots {Fly}
Stlth  ..........               G - amulet of harm
                                Q - +5 ring of slaying
                                W - ring "Qepsekut" {Ice Stlth+}

@: berserking, flying, starving, very quick
A: retaliatory headbutt, horns 2, agile 1, teleportitis 1, weak 1
a: Berserk, Trog's Hand, Brothers in Arms, Burn Spellbooks, Renounce Religion,
Stop Flying


You were on level 15 of the Dungeon.
You worshipped Trog.
Trog was extremely pleased with you.
You were starving.

You visited 1 branch of the dungeon, and saw 15 of its levels.
You also visited: Ossuary.

You collected 1216 gold pieces.
You spent 424 gold pieces at shops.

Inventory:

Hand Weapons
 a - a +2 battleaxe of freezing (weapon)
 b - a +4 hand crossbow of freezing
 y - a +0 lajatang of protection
Missiles
 e - 145 arrows
 D - 46 bolts
Armour
 f - a +0 pair of boots of flying (worn)
 B - a +0 plate armour (worn)
 N - a +0 cloak (worn)
Jewellery
 h - an uncursed ring of resist corrosion
 j - an uncursed ring of ice
 q - an uncursed ring of flight
 G - an amulet of harm (around neck)
 P - an uncursed ring of protection from magic
 Q - a +5 ring of slaying (right hand)
 W - the ring "Qepsekut" (left hand) {Ice Stlth+}
   (You found it on level 14 of the Dungeon)

   [ring of ice]

   It enhances your ice magic.
   It makes you vulnerable to fire.
   It protects you from cold.
   It makes you more stealthy.
Wands
 d - a wand of slowing (29/48)
 m - a wand of iceblast (13/15)
 o - a wand of confusion (26/48)
 u - a wand of confusion (27/48)
 I - a wand of acid (7/15)
 L - a wand of paralysis (12/24)
 M - a wand of iceblast (6/15)
 S - a wand of lightning (3/15)
 T - a wand of disintegration (16/24)
 U - a wand of lightning (8/15)
 V - a wand of slowing (20/48)
 X - a wand of teleportation (4/9)
Scrolls
 i - 6 scrolls of remove curse
 k - 10 scrolls of identify
 r - a scroll of recharging
 s - 4 scrolls of teleportation
 w - a scroll of fear
 x - 2 scrolls of fog
 C - 3 scrolls of enchant armour
 O - a scroll of magic mapping
Potions
 c - 2 potions of haste
 l - 5 potions of curing
 n - a potion of mutation
 p - 5 potions of agility
 t - 4 potions of brilliance
 v - a potion of heal wounds
 z - 2 potions of flight
 E - a potion of might
 H - 2 potions of magic
 K - 2 potions of cure mutation
Comestibles
 g - 11 meat rations
 A - 10 fruits
 F - 10 royal jellies
 J - 3 bread rations
 R - a slice of pizza


   Skills:
 * Level 16.0 Fighting
 * Level 16.3 Axes
 + Level 12.1 Armour
 + Level 11.0 Dodging


You had 12 spell levels left.
You didn't know any spells.

Dungeon Overview and Level Annotations

Branches:
Dungeon (15/15)            Temple (0/1) D:7            Lair (0/6) D:10
    Orc (0/2) D:12         Vaults (0/5) D:14         Depths (0/5) D:15

Altars:
Cheibriados
Dithmenos
Fedhas
Gozag
Hepliaklqana
Makhleb
Okawaru
Uskayaw
Zin

Shops:
D:10 }   D:12 [(


Innate Abilities, Weirdness & Mutations

You reflexively headbutt those who attack you in melee.
You have a pair of horns on your head.
You are agile. (Dex +2)
You are occasionally teleported next to monsters.
You are weak. (Str -2)


Message History

* * * LOW HITPOINT WARNING * * *
The meliai barely misses you. You furiously retaliate!
You headbutt the meliai. The meliai stings you!
* * * LOW HITPOINT WARNING * * *
The meliai hits you but does no damage. The meliai stings you!
* * * LOW HITPOINT WARNING * * *
You feel better. The meliai closely misses you. The meliai barely misses you.
The meliai hits you but does no damage.
The meliai stings you but does no damage.
A red film seems to cover your vision as you go berserk!
You feel yourself moving faster!
You feel mighty!
You are starving!
The meliai hits you with a hand axe.
* * * LOW HITPOINT WARNING * * *
The meliai stings you but does no damage.
The meliai mumbles some strange prayers to its god against you.
Something smites you!
* * * LOW HITPOINT WARNING * * *
The meliai closely misses you. The meliai stings you.
You die...

..........#.# #.. #.
..#.#...#...#.. ##.. #.
#.#......§...# ..# #.
#...≈§≈§≈§§..######.# ##
#.§§.≈≈#§§§......##.###.
#.§§#≈§≈≈§#.≈.##........
#§§§≈≈≈.§§§≈≈.#.......#.
##.§≈≈≈...§≈≈§§#...[...#.
#..≈.≈..@.§§#≈.........##
#.§O§.≈.yy≈≈≈≈.........#
#..≈≈§§≈.≈≈≈≈≈.#...)...#
#..≈.#≈≈≈§≈#.≈.#.......#
......≈§#≈≈....#########
###..§≈≈§≈§≈..##
O.§...§l...##
..##.#..##.## ... ..


You could see a basilisk, a two-headed ogre and 2 meliai.

Vanquished Creatures
  Kirke (D:13)
  Agnes (D:14)
  A fire giant (D:15)
  A vault guard (D:14)
  Erolcha (D:12)
  A hydra (D:14)
  A death knight (D:14)
  A centaur warrior (D:14)
  4 skeletal warriors (D:14)
  An iron troll (D:14)
  2 unseen horrors
  A phantasmal warrior (D:14)
  2 orc knights
  9 hill giants
  5 deep elf magi
  A manticore (D:13)
  4 ugly things
  5 cyclopes
  A spiny frog (D:10)
  2 gargoyles (D:12)
  3 freezing wraiths (D:14)
  The ghost of Frank the Cudgeler, a novice GrGl of the Shining One (D:4)
  A komodo dragon (D:11)
  6 trolls
  A meliai (D:15)
  3 two-headed ogres
  3 hornets
  4 hippogriffs
  A meliai zombie (D:13)
  7 slime creatures
  Sigmund (D:5)
  A shadow (D:14)
  A vampire (D:12)
  2 wraiths (D:12)
  4 water elementals (D:14)
  A yak (shapeshifter) (D:14)
  5 yaks (D:9)
  2 wyverns
  2 hungry ghosts
  5 hogs (D:13)
  A steam dragon (D:12)
  A basilisk (D:13)
  2 soldier ants
  A water moccasin (D:9)
  14 orc warriors
  A hornet zombie (D:11)
  2 sky beasts
  A phantom (D:13)
  An eye of draining (D:8)
  3 ice beasts
  A necrophage (D:10)
  7 ogres
  9 centaurs
  A crocodile (D:11)
  11 bullfrogs
  Blork the orc (D:6)
  2 big kobolds
  5 scorpions
  A wyvern skeleton (D:11)
  9 killer bees
  7 wights
  4 howler monkeys (D:14)
  4 jellies
  4 centaur zombies
  8 crimson imps
  A human zombie (Ossuary)
  5 orc priests
  A bullfrog skeleton (D:5)
  5 hounds
  10 orc wizards
  A centaur skeleton (D:11)
  12 worker ants
  An iguana (D:8)
  2 big kobold zombies (Ossuary)
  A hound skeleton (D:8)
  2 hound zombies
  2 mummies (Ossuary)
  2 worker ant zombies
  17 adders
  6 gnolls
  4 shadow imps
  3 adder zombies
  5 adder skeletons
  3 worms
  A dart slug (D:2)
  3 leopard geckos
  51 orcs
  2 giant cockroaches
  10 goblins
  8 hobgoblins
  7 jackals
  3 quokkas
  A ball python (D:2)
  7 bats
  7 frilled lizards
  5 goblin zombies (Ossuary)
  4 hobgoblin zombies (Ossuary)
  A jackal zombie (D:4)
  15 kobolds
  2 orc zombies (Ossuary)
  9 rats
419 creatures vanquished.

Vanquished Creatures (collateral kills)
  A rakshasa (D:13)
  A phantom (D:13)
  A scorpion (D:13)
3 creatures vanquished.

Vanquished Creatures (others)
  A human (D:14)
  A hungry ghost (D:14)
  A sky beast (D:6)
  A howler monkey (D:14)
  A hound (D:13)
5 creatures vanquished.

Grand Total: 427 creatures vanquished

Notes
Turn   | Place    | Note
-------+----------+-------------------------------------------
     0 | D:1      | tognito the Minotaur Berserker began the quest for the Orb.
     0 | D:1      | Reached XP level 1. HP: 19/19 MP: 0/0
   295 | D:1      | Reached XP level 2. HP: 27/27 MP: 1/1
   730 | D:2      | Found a hazy altar of Hepliaklqana.
   741 | D:2      | Reached XP level 3. HP: 28/33 MP: 2/2
   766 | D:2      | Reached ** piety under Trog
  1061 | D:2      | Reached XP level 4. HP: 25/40 MP: 3/3
  1583 | D:2      | Noticed a centaur
  1595 | D:2      | Killed a centaur
  1595 | D:2      | Reached skill level 5 in Axes
  1595 | D:2      | Reached XP level 5. HP: 19/47 MP: 4/4
  2008 | D:3      | Found a snail-covered altar of Cheibriados.
  2190 | D:3      | Found a burning altar of Makhleb.
  2294 | D:3      | Gained mutation: You possess an exceptional clarity of mind. [potion of mutation]
  2294 | D:3      | Gained mutation: You are weak. (Str -2) [potion of mutation]
  2294 | D:3      | Lost mutation: You possess an exceptional clarity of mind. [potion of mutation]
  2396 | D:3      | Found a faded altar of an unknown god.
  2672 | D:4      | Found a blossoming altar of Fedhas.
  2717 | D:4      | Reached skill level 5 in Fighting
  2726 | D:4      | Found a sand-covered staircase.
  2738 | D:4      | Noticed Frank's ghost (novice GrGl)
  2740 | Ossuary  | Entered an ossuary
  2758 | Ossuary  | Reached *** piety under Trog
  2760 | Ossuary  | Reached XP level 6. HP: 17/56 MP: 5/5
  3115 | D:4      | HP: 2/56 [Frank's ghost (12)]
  3118 | D:4      | Killed Frank's ghost
  3118 | D:4      | Reached XP level 7. HP: 4/63 MP: 6/6
  3772 | D:4      | Reached skill level 5 in Armour
  4284 | D:5      | Entered Level 5 of the Dungeon
  4286 | D:5      | Noticed Sigmund
  4292 | D:5      | Killed Sigmund
  4422 | D:5      | Reached XP level 8. HP: 73/73 MP: 7/7
  4424 | D:5      | Got a twisted hand axe {vamp}
  4539 | D:5      | Reached skill level 5 in Dodging
  5262 | D:6      | Noticed Blork the orc
  5269 | D:6      | Killed Blork the orc
  5509 | D:6      | Reached **** piety under Trog
  5927 | D:6      | Found a faded altar of an unknown god.
  5927 | D:6      | Found an iron altar of Okawaru.
  5933 | D:6      | Found a faded altar of an unknown god.
  5935 | D:6      | Found an opulent altar of Gozag.
  5937 | D:6      | Found a faded altar of an unknown god.
  6157 | D:7      | Found a staircase to the Ecumenical Temple.
  6230 | D:7      | Identified the cursed +2 hand axe of Equilibrium {vamp, +Blink rPois rC- MR+} (You took it off a crimson imp on level 5 of the Dungeon)
  6393 | D:7      | Reached XP level 9. HP: 82/82 MP: 8/8
  6972 | D:8      | Noticed a deep elf mage
  7026 | D:8      | Killed a deep elf mage
  7026 | D:8      | Reached skill level 10 in Fighting
  7026 | D:8      | Reached skill level 10 in Axes
  7856 | D:8      | Found a hide-covered altar of Uskayaw.
  7920 | D:8      | Reached XP level 10. HP: 82/94 MP: 9/9
  8236 | D:8      | Paralysed by a hornet for 2 turns
  8917 | D:9      | Reached ***** piety under Trog
  9698 | D:9      | Received a gift from Trog
  9889 | D:9      | Found a shadowy altar of Dithmenos.
 10214 | D:9      | Found a glowing silver altar of Zin.
 10425 | D:10     | Entered Level 10 of the Dungeon
 10646 | D:10     | Found a staircase to the Lair.
 10646 | D:10     | Noticed a spiny frog
 10654 | D:10     | Killed a spiny frog
 10849 | D:10     | Found Raisogga's Gadget Emporium.
 11303 | D:11     | Reached XP level 11. HP: 71/104 MP: 10/10
 11742 | D:11     | Noticed a hill giant
 11747 | D:11     | Killed a hill giant
 12096 | D:11     | Noticed a hill giant
 12105 | D:11     | Killed a hill giant
 12585 | D:12     | Noticed Erolcha
 12594 | D:12     | Killed Erolcha
 12783 | D:12     | Noticed a hill giant
 12790 | D:12     | Killed a hill giant
 13214 | D:12     | Killed an unseen horror
 13214 | D:12     | Received a gift from Trog
 13372 | D:12     | Found Varioc's Weapon Shop.
 13386 | D:12     | Found a staircase to the Orcish Mines.
 13389 | D:12     | Found Rachiac's Armour Shop.
 13536 | D:12     | Bought a +4 hand crossbow of freezing for 424 gold pieces
 13638 | D:12     | Reached XP level 12. HP: 102/115 MP: 11/11
 13692 | D:12     | Found an opulent altar of Gozag.
 14004 | D:13     | Reached skill level 10 in Armour
 14506 | D:13     | Found a snail-covered altar of Cheibriados.
 14508 | D:13     | Noticed Kirke
 14524 | D:13     | Killed Kirke
 14529 | D:13     | Gained mutation: You are agile. (Dex +2) [potion of beneficial mutation]
 14817 | D:13     | Noticed a rakshasa
 14824 | D:13     | Killed a rakshasa
 15147 | D:14     | Noticed Agnes
 15150 | D:14     | Reached skill level 10 in Dodging
 15158 | D:14     | Killed Agnes
 15158 | D:14     | Reached skill level 15 in Axes
 15535 | D:14     | Reached XP level 13. HP: 96/125 MP: 12/12
 16054 | D:14     | Reached skill level 15 in Fighting
 16687 | D:14     | Received a gift from Trog
 16849 | D:14     | HP: 6/127 [redback[a deep elf mage] (6)]
 17307 | D:14     | Found a gate to the Vaults.
 17496 | D:14     | Got a bound bronze ring
 17497 | D:14     | Identified the ring "Qepsekut" {Ice Stlth+} (You found it on level 14 of the Dungeon)
 17533 | D:14     | Gained mutation: You are occasionally teleported next to monsters. [a neqoxec]
 18678 | D:15     | Entered Level 15 of the Dungeon
 18927 | D:15     | Found a staircase to the Depths.
 18927 | D:15     | Noticed a fire giant
 18942 | D:15     | Killed a fire giant
 19029 | D:15     | HP: 3/192 [meliai/divine providence (14)]
 19029 | D:15     | Slain by a meliai

Skill      XL: |  1  2  3  4  5  6  7  8  9 10 11 12 13 |
---------------+----------------------------------------+-----
Axes           | 4 5 6 7 8 10 12 13 15 16 | 16.3
Armour         | 3 4 5 6 7 8 9 11 12 | 12.1
Fighting       | 4 5 6 7 8 10 11 13 14 16 | 16.0
Dodging        | 3 4 5 6 7 9 10 11 | 11.0

Action                   |  1- 3 |  4- 6 |  7- 9 | 10-12 | 13-15 || total
-------------------------+-------+-------+-------+-------+-------++-------
Melee: Hand axe          |    98 |     5 |       |       |       ||   103
       Headbutt          |    13 |    13 |    48 |    78 |    41 ||   193
       Lajatang          |       |    95 |   270 |    62 |       ||   427
       War axe           |       |       |       |   288 |    36 ||   324
       Battleaxe         |       |       |       |       |    86 ||    86
 Fire: Shortbow          |       |    24 |   122 |   146 |       ||   292
       Hand crossbow     |       |       |       |    58 |    42 ||   100
Invok: Berserk           |       |     1 |     1 |     2 |     5 ||     9
       Burn Spellbooks   |       |       |     1 |     2 |       ||     3
       Trog's Hand       |       |       |       |     1 |       ||     1
       Brothers in Arms  |       |       |       |     1 |       ||     1
  Use: Potion            |     4 |     5 |     1 |     2 |     2 ||    14
       Scroll            |       |    11 |     7 |     5 |     3 ||    26
  Eat: Chunk             |     1 |     4 |    13 |    23 |     8 ||    49
       Fruit             |       |     1 |     4 |     1 |     5 ||    11
       Bread ration      |       |       |     5 |     1 |       ||     6
       Pizza             |       |       |     2 |     1 |       ||     3
       Beef jerky        |       |       |       |       |     1 ||     1
Armor: Ring mail         |    24 |     4 |       |       |       ||    28
       Scale mail        |       |    72 |    76 |       |       ||   148
       Chain mail        |       |       |   135 |     2 |       ||   137
       Plate armour      |       |       |       |   261 |    75 ||   336
Dodge: Dodged            |    58 |   102 |   210 |   232 |    60 ||   662
